 Dungeon Crawl Stone Soup version 0.30-a0-331-g8ab09dc110 (webtiles) character file.

Game seed: 2315877560928274723

12293 hikkokomori the Frost Mage (level 11, -6/95 HPs)
             Began as a Demigod Ice Elementalist on Oct 30, 2022.
             Mangled by a cane toad (17 damage)
             ... on level 1 of the Lair of Beasts.
             The game lasted 00:35:43 (12762 turns).

hikkokomori the Frost Mage (DgIE)                  Turns: 12762, Time: 00:35:45

Health: -6/95      AC: 18    Str: 13    XL:     11   Next: 34%
Magic:  31/33      EV: 15    Int: 25    God:
Gold:   1394       SH:  0    Dex: 14    Spells: 0/22 levels left

rFire   + . .      SeeInvis +    z - +6 morningstar of the Gazing Priest {holy, rF+ rC+}
rCold   + . .      Faith    .    (no shield)
rNeg    . . .      Spirit   .    X - +0 troll leather armour
rPois   .          Reflect  .    W - +1 hat {SInv}
rElec   .          Harm     .    o - +2 cloak
rCorr   .          Rampage  .    (no gloves)
Will    +....                    P - +2 pair of boots
Stlth   ++........               q - amulet of regeneration
HPRegen 1.95/turn                A - ring of magical power
MPRegen 0.23/turn                B - +4 ring of evasion

@: lethally poisoned (-6 -> -9), ice-armoured
A: high MP 1, forlorn, divine attributes, talons 1, MP-powered wands
a: no special abilities


You were on level 1 of the Lair of Beasts.
You visited 3 branches of the dungeon, and saw 13 of its levels.
You also visited: Bailey.

You collected 2204 gold pieces.
You spent 810 gold pieces at shops.

Inventory:

Hand Weapons
 a - the +9 dagger of the Revolution {pain, rElec rC+ Str-3}
   (You found it on level 8 of the Dungeon)

   In the hands of one skilled in necromantic magic, it inflicts extra damage on
   living creatures.
   Str:       It affects your strength (-3).
   rC:        It protects you from cold.
   rElec:     It insulates you from electricity.
 v - a +2 vorpal falchion
 y - a +0 arbalest
 z - the +6 morningstar of the Gazing Priest (weapon) {holy, rF+ rC+}
   (You took it off an orc on level 5 of the Dungeon)

   It has been blessed by the Shining One to cause great damage to the undead
   and demons.
   rF:        It protects you from fire.
   rC:        It protects you from cold.
 E - the +6 hammer "Johyipae" {elec, rN+}
   (You found it on level 5 of the Dungeon)

   It occasionally discharges a powerful burst of electricity upon striking a
   foe.
   rN:        It protects you from negative energy.
 I - the +12 long sword of Undoing {vorpal, rElec Int+6}
   (You found it in a bailey)

   It inflicts extra damage upon your enemies.
   Int:       It affects your intelligence (+6).
   rElec:     It insulates you from electricity.
 R - a +4 scimitar of flaming
Missiles
 d - 18 boomerangs of dispersal
 r - 9 throwing nets
Armour
 o - a +2 cloak (worn)
 G - +0 steam dragon scales
 M - a +1 ring mail of cold resistance
 O - a +0 helmet
 P - a +2 pair of boots (worn)
 U - a +0 buckler
 W - a +1 hat of see invisible (worn)
 X - a +0 troll leather armour (worn)
Magical Staves
 J - a staff of fire
Jewellery
 e - a +6 ring of dexterity
 q - an amulet of regeneration (around neck)
 t - a ring of willpower
 x - a ring of poison resistance
 A - a ring of magical power (left hand)
 B - a +4 ring of evasion (right hand)
 D - a +6 ring of strength
 F - a ring of see invisible
 S - an amulet of reflection
Wands
 h - a wand of acid (18)
 n - a wand of digging (5)
 N - a wand of charming (5)
Scrolls
 c - 4 scrolls of blinking
 g - 3 scrolls of identify
 j - 12 scrolls of teleportation
 l - 2 scrolls of noise
 m - a scroll of poison
 p - 3 scrolls of amnesia
 s - a scroll of butterflies
 w - a scroll of vulnerability {unknown}
 K - 5 scrolls of silence
 L - a scroll of magic mapping {unknown}
 Q - a scroll of enchant weapon {unknown}
 T - a scroll of brand weapon {unknown}
Potions
 b - 2 potions of magic
 f - 4 potions of curing
 i - 2 potions of mutation
 k - 8 potions of degeneration
 u - a potion of flight
 C - 3 potions of brilliance
 H - 2 potions of haste
 V - a potion of berserk rage {unknown}


   Skills:
 + Level 8.5 Fighting
 + Level 4.9 Maces & Flails
 - Level 1.7 Dodging
 - Level 1.7 Stealth
 + Level 3.3 Shields
 - Level 6.0 Spellcasting
 - Level 6.1 Summonings
 - Level 5.5 Translocations
 + Level 9.3 Ice Magic
 - Level 0.5 Evocations


You couldn't memorise any spells.
You knew the following spells:

 Your Spells              Type           Power      Damage    Failure   Level
a - Freeze                Ice            100%       1d10      1%          1
b - Frozen Ramparts       Ice            100%       1d16      1%          3
c - Summon Ice Beast      Ice/Summ       46%        N/A       3%          4
d - Ozocubu's Armour      Ice            52%        N/A       1%          3
e - Call Canine Familiar  Summ           38%        N/A       2%          3
f - Manifold Assault      Tloc           35%        N/A       10%         4
g - Passage of Golubria   Tloc           35%        N/A       10%         4

Your spell library contained the following spells:

 Spells                   Type           Power      Damage    Failure   Level
 Apportation              Tloc           70%        N/A       1%          1
 Portal Projectile        Hex/Tloc       42%        N/A       9%          3
 Scorch                   Fire           14%        2d5       14%         2
 Flame Wave               Conj/Fire      7%         2d5       67%         4
 Leda's Liquefaction      Hex/Erth       3%         N/A       67%         4
 Summon Cactus Giant      Summ           19%        N/A       75%         6
 Dispersal                Tloc           17%        N/A       83%         6
 Ozocubu's Refrigeration  Ice            26%        4d13      86%         7
 Alistair's Intoxication  Tmut/Pois      4%         N/A       95%         5
 Silence                  Hex/Air        3%         N/A       95%         5
 Yara's Violent Unravell  Hex/Tmut       3%         3d4       95%         5
 Enfeeble                 Hex            3%         N/A       100%        7
 Disjunction              Tloc           17%        N/A       100%        8
 Lehudib's Crystal Spear  Conj/Erth      3%         10d3      100%        8


Dungeon Overview and Level Annotations

Branches:
Dungeon (11/15)            Temple (0/1) D:5            Lair (1/5) D:10
    Orc (1/2) D:11         Bailey (visited)

Shops:
Orc:1 (:

Annotations:
D:11 1 runed translucent door


Innate Abilities, Weirdness & Mutations

You have an increased reservoir of magic. (+10% MP)
You shall have no god before yourself.
Your divine heritage dramatically boosts your attributes as you level up.
You have sharp toenails.
You expend magic power (3 MP) to strengthen your wands.


Message History

You climb upwards.
There is a stone staircase leading down here.
There is a staircase to the Lair here.
You climb downwards.
Welcome to the Lair of Beasts!
Found a club, a mace and 18 gold pieces.
There is a staircase back to the Dungeon here.
A cane toad is nearby!
A cane toad is nearby!
A cane toad is nearby!
Okay, then.
Okay, then.
You thump the cane toad!
The cane toad is moderately wounded.
The cane toad stings you!! x2
You sock the cane toad!
The cane toad is severely wounded.
The cane toad completely misses you.
You closely miss the cane toad.
The cane toad is heavily wounded.
The cane toad closely misses you. The cane toad stings you!
You are too injured to fight recklessly!
Casting: Summon Ice Beast (dangerous; 3% risk of failure)
Confirm with . or Enter, or press ? or * to list all spells.
A film of ice covers your body! The cane toad completely misses you.
You hit the cane toad.
The cane toad is severely wounded.
The cane toad barely misses you. The cane toad stings you!
You are poisoned.
The cane toad poisons you!
You puncture the cane toad!
The cane toad is almost dead.
You feel extremely sick.
The cane toad stings you but does no damage.
You barely miss the cane toad.
The cane toad is almost dead.
You feel very sick. The cane toad stings you!!
* * * LOW HITPOINT WARNING * * *
The cane toad stings you!
You die...

...# ... ... ..#
######..####
#######..........#
...... #..F.......
......##..@......#
....)............#
..................
.......<...).....#
......#..........#
###$# ##.........P
#. #.........# .
###.#..#### ###.#


You could see a cane toad.

Vanquished Creatures
  Erica (D:10)
  A two-headed ogre (D:9)
  2 ugly things (D:11)
  2 cyclopes (D:11)
  Joseph (D:7)
  A troll (D:11)
  A hornet (D:10)
  Eustachio (D:4)
  A wraith (D:10)
  4 yaks (D:11)
  3 steam dragons
  2 orc warriors
  2 ice beasts
  4 wolves (Bailey)
  3 sky beasts
  6 centaurs
  6 ogres
  A phantom (D:6)
  5 kobold brigands
  A nameless horror (Bailey)
  6 gnoll sergeants
  2 necrophages
  4 bullfrogs
  3 scorpions (D:5)
  6 wights (D:7)
  3 killer bees (D:10)
  A howler monkey (D:11)
  5 hounds
  5 orc priests
  3 jellies
  Crazy Yiuf (D:5)
  4 gnoll boudas (Bailey)
  8 iguanas
  10 orc wizards
  15 gnolls
  7 adders
  A shadow imp (D:8)
  3 white imps (D:5)
  3 worms
  6 dart slugs
  39 orcs
  10 bats
  5 endoplasms
  2 giant cockroaches (D:2)
  17 goblins
  6 hobgoblins
  20 kobolds
  4 quokkas
  4 ball pythons
  3 frilled lizards (D:1)
  8 rats
262 creatures vanquished.

Vanquished Creatures (collateral kills)
  Gastronok (D:11)
  A two-headed ogre (D:10)
  A gargoyle (D:11)
  A sky beast (D:8)
  A swamp drake (D:11)
  A wolf (Bailey)
  3 gnoll sergeants (Bailey)
  A killer bee (D:10)
  4 gnoll boudas (Bailey)
  3 gnolls (Bailey)
  An orc (D:11)
18 creatures vanquished.

Grand Total: 280 creatures vanquished

Notes
Turn   | Place    | Note
-------+----------+-------------------------------------------
     0 | D:1      | hikkokomori the Demigod Ice Elementalist began the quest
                  | for the Orb.
     0 | D:1      | Reached XP level 1. HP: 14/14 MP: 5/5
   242 | D:1      | Reached skill level 4 in Ice Magic
   269 | D:1      | Reached XP level 2. HP: 20/20 MP: 4/7
  1346 | D:2      | Reached XP level 3. HP: 22/26 MP: 6/8
  2517 | D:3      | Reached XP level 4. HP: 27/33 MP: 6/10
  2727 | D:3      | Gained mutation: You sometimes lose your temper in combat.
                  | [potion of mutation]
  2727 | D:3      | Gained mutation: You have sharp toenails. [potion of
                  | mutation]
  2727 | D:3      | Gained mutation: You expend magic power (3 MP) to
                  | strengthen your wands. [potion of mutation]
  2727 | D:3      | Lost mutation: You sometimes lose your temper in combat.
                  | [potion of mutation]
  2729 | D:3      | Reached skill level 5 in Ice Magic
  3013 | D:3      | Reached XP level 5. HP: 26/39 MP: 8/12
  3017 | D:3      | Learned a level 3 spell: Frozen Ramparts
  3293 | D:3      | Learned a level 4 spell: Summon Ice Beast
  3708 | D:4      | Reached skill level 1 in Fighting
  3779 | D:4      | Noticed Eustachio
  3808 | D:4      | Killed Eustachio
  3809 | D:4      | Reached skill level 1 in Summonings
  3809 | D:4      | Reached XP level 6. HP: 48/48 MP: 4/14
  4634 | D:4      | Reached skill level 6 in Ice Magic
  4771 | D:5      | Entered Level 5 of the Dungeon
  4777 | D:5      | Reached XP level 7. HP: 40/56 MP: 7/15
  4846 | D:5      | Learned a level 3 spell: Ozocubu's Armour
  4950 | D:5      | Identified the +6 morningstar of the Gazing Priest {holy,
                  | rF+ rC+}
  5447 | D:5      | Found a staircase to the Ecumenical Temple.
  5659 | D:5      | Found a runed translucent door.
  5660 | D:5      | Noticed Crazy Yiuf
  5943 | D:5      | Killed Crazy Yiuf
  5944 | D:5      | Reached XP level 8. HP: 52/64 MP: 15/18
  5947 | D:5      | Identified the +6 hammer "Johyipae" {elec, rN+}
  6099 | D:6      | Reached skill level 1 in Maces & Flails
  6317 | D:6      | Reached skill level 7 in Ice Magic
  6414 | D:6      | Reached skill level 5 in Spellcasting
  6991 | D:6      | Identified a scroll of acquirement
  6992 | D:6      | Acquired 1104 gold pieces
  7128 | D:7      | Reached XP level 9. HP: 57/72 MP: 17/20
  7381 | D:7      | Noticed Joseph
  7404 | D:7      | Killed Joseph
  7405 | D:7      | Reached skill level 5 in Fighting
  7405 | D:7      | Reached skill level 5 in Summonings
  7982 | D:8      | Identified the +9 dagger of the Revolution {pain, rElec rC+
                  | Str-3}
  8121 | D:8      | Reached skill level 8 in Ice Magic
  8220 | D:8      | Found a flagged portal.
  8245 | Bailey   | Entered a bailey
  8262 | Bailey   | Learned a level 3 spell: Call Canine Familiar
  8416 | Bailey   | Reached XP level 10. HP: 26/83 MP: 9/22
  8743 | Bailey   | Learned a level 4 spell: Manifold Assault
  8797 | Bailey   | Identified the +12 long sword of Undoing {vorpal, rElec
                  | Int+6}
  9321 | D:8      | Reached skill level 1 in Translocations
  9406 | D:9      | Noticed a two-headed ogre
  9421 | D:9      | Killed a two-headed ogre
 10085 | D:10     | Entered Level 10 of the Dungeon
 10149 | D:10     | Noticed Erica
 10157 | D:10     | Killed Erica
 10158 | D:10     | Reached skill level 9 in Ice Magic
 10389 | D:10     | Found a staircase to the Lair.
 10718 | D:10     | Noticed a two-headed ogre
 10726 | D:10     | Killed a two-headed ogre
 11048 | D:11     | Noticed a cyclops
 11066 | D:11     | Killed a cyclops
 11339 | D:11     | Noticed a purple ugly thing
 11347 | D:11     | Noticed a white ugly thing
 11348 | D:11     | Killed a purple ugly thing
 11356 | D:11     | Killed a white ugly thing
 11357 | D:11     | Reached skill level 1 in Shields
 11357 | D:11     | Reached XP level 11. HP: 89/94 MP: 16/24
 11429 | D:11     | Found a runed translucent door.
 11429 | D:11     | Found the +8 whip "Snakebite" {venom, curare, rPois}
 11632 | D:11     | Noticed Gastronok
 11672 | D:11     | Killed Gastronok
 11673 | D:11     | Reached skill level 5 in Translocations
 11762 | D:11     | Found a staircase to the Orcish Mines.
 12005 | D:11     | Noticed a boulder beetle
 12358 | Orc:1    | Entered Level 1 of the Orcish Mines
 12358 | Orc:1    | Found Qyb Kyib's Book Shoppe.
 12419 | Orc:1    | Found Gezupt's Antique Weapon Shoppe.
 12455 | Orc:1    | Bought Ozocubu's Autobiography for 360 gold pieces
 12455 | Orc:1    | Bought a book of Scorching for 450 gold pieces
 12462 | Orc:1    | Learned a level 4 spell: Passage of Golubria
 12752 | Lair:1   | Entered Level 1 of the Lair of Beasts
 12762 | Lair:1   | Mangled by a cane toad

Illustrated notes

Levels and vault maps discovered:
D:1:      wander_arrival_lonely_grave, layout_basic
D:2:      minmay_diamond_boxcup, layout_basic
D:3:      layout_basic, bloody_trog
D:4:      layout_layer_cave, uniq_eustachio
D:5:      layout_loops_ring, temple_green, kennysheep_cross_bottleneck,
          grunt_ministairs_12, hex_tiny, chequers_serial_rivers_micro_e,
          minmay_misc_feat_chi, minivault_1, minmay_strange_pillars,
          uniq_crazy_yiuf_cottage
D:6:      layout_basic, minivault_5
D:7:      layout_basic, serial_park_tiny_2, uniq_joseph
D:8:      layout_rooms, enter_bailey_3, minmay_unpleasant_kobolds
D:9:      layout_loops_corners, st_stairs_11
D:10:     layout_loops_ring, zin_scriptorium, mainiacjoe_overflow_two_lobes,
          lair_entry_dummy, uniq_erica
D:11:     gammafunk_indiana_jones, layout_irregular_city, erik_orc_1,
          nicolae_tso_swordbearing_angel, uniq_gastronok
Lair:1:   layout_roguey, basic_altar
Orc:1:    layout_caves, serial_shops, shop, nicolae_shop_stone

Skill      XL: |  1  2  3  4  5  6  7  8  9 10 11 |
---------------+----------------------------------+-----
Spellcasting   | 2 3 4 5 6 |  6.0
Ice Magic      | 4 5 6 7 8 9 |  9.3
Fighting       | 1 2 3 4 5 7 8 |  8.5
Summonings     | 1 2 3 4 5 6 |  6.1
Maces & Flails | 2 4 |  4.9
Translocations | 4 5 |  5.5
Shields        | 1 3 |  3.3
Dodging        | |  1.7
Stealth        | |  1.7
Evocations     | |  0.5

Action                   |  1- 3 |  4- 6 |  7- 9 | 10-12 || total
-------------------------+-------+-------+-------+-------++-------
Melee: Unarmed           |     7 |       |       |       ||     7
       Short sword       |    19 |    62 |       |       ||    81
       Kick              |       |    18 |    66 |    10 ||    94
       Falchion          |       |    18 |     5 |       ||    23
       Morningstar       |       |       |   213 |    96 ||   309
       Punch             |       |       |     4 |       ||     4
       Long sword        |       |       |       |    44 ||    44
 Cast: Freeze            |    87 |    40 |    15 |       ||   142
       Frozen Ramparts   |       |     6 |    11 |    17 ||    34
       Ozocubu's Armour  |       |       |     7 |     6 ||    13
       Summon Ice Beast  |       |       |     3 |    15 ||    18
       Call Canine Famil |       |       |     1 |     1 ||     2
       Manifold Assault  |       |       |       |     2 ||     2
Evoke: Wand              |       |       |       |     3 ||     3
  Use: Potion            |       |     1 |     1 |     1 ||     3
       Scroll            |       |       |    18 |     1 ||    19
 Stab: Sleeping          |     1 |     2 |     5 |     3 ||    11
       Distracted        |       |       |       |     1 ||     1
       Confused          |       |       |       |     1 ||     1
Armor: Robe              |    15 |    27 |       |       ||    42
       Leather armour    |       |     8 |    15 |       ||    23
       Steam dragon scal |       |       |    92 |    31 ||   123
       Troll leather arm |       |       |       |     1 ||     1
Dodge: Dodged            |    54 |    80 |   296 |   126 ||   556

Table legend: (Time is in decaauts)
 A = Elapsed time spent in this place.
 B = Non-inter-level travel time spent in this place.
 C = Inter-level travel time spent in this place.
 D = Time resting spent in this place.
 E = Time spent auto-exploring this place.
 F = Levels seen in this place.
 G = Mean time per level.
                   A        B        C        D        E       F      G
               +--------+--------+--------+--------+--------+-----+--------+
         Total |  12909 |  11945 |    964 |    679 |   8729 |  14 |  922.1 |
       Dungeon |  11889 |  10958 |    931 |    473 |   8287 |  11 | 1080.8 |
          Lair |     11 |     11 |      0 |      0 |      0 |   1 |   11.0 |
  Orcish Mines |    251 |    219 |     32 |      0 |    171 |   1 |  251.0 |
        Bailey |    757 |    757 |      0 |    206 |    271 |   1 |  757.0 |
               +--------+--------+--------+--------+--------+-----+--------+

Top non-repeatable levels by time:
    D:11: 1453 daAuts
     D:2: 1434 daAuts
     D:5: 1281 daAuts
     D:4: 1238 daAuts
     D:3: 1175 daAuts
     D:1: 1172 daAuts
     D:6: 1103 daAuts
    D:10: 1004 daAuts
     D:7: 990 daAuts
  Bailey: 757 daAuts
     D:8: 740 daAuts
     D:9: 295 daAuts
   Orc:1: 251 daAuts
  Lair:1: 11 daAuts
